Yev-Ruu, chaotic female vampiric Wizard ---- --- --..| --.------d..---......-. | ---.......@(%)..Foooo.oG.....GG. |...<%...-d..------ ....-- - --.........--- ..... --..---.--- -- ....... |...| --- -- .-- -.|.| ..|.| -- .- . --- Yev-Ruu the Thaumaturge Experience level: 9 Strength: 25 Dexterity: 13 Constitution: 13 Intelligence: 16 Wisdom: 11 Charisma: 10 Health: 0(58) Energy: 130(130) AC: -2 Gold: 542 Moves: 4193 Your Inventory: Coins $ - 542 gold pieces Amulets Y - an [uncursed] spiked amulet [versus poison] Armor b - an uncursed +0 cloak of magic resistance (being worn) o - an [uncursed] +0 pair of gauntlets of power (being worn) p - an [uncursed] +0 elven leather helm (being worn) A - an [uncursed] +0 dwarvish mithril-coat (being worn) S - an [uncursed] +0 white-handed shield [Uruk-hai] (being worn) U - an [uncursed +0] red-eyed shield [orcish] X - an [uncursed] +0 pair of jackboots [high] (being worn) Rings d - a blessed +2 ring of increase damage (on left hand) e - an uncursed ring of slow digestion (on right hand) Wands c - an uncursed wand of fire (0:5) u - an [uncursed] glass wand [of teleportation (0:4)] B - an [uncursed] black wand [of enlightenment (0:14)] E - an [uncursed] wand of digging [0:8] F - an [uncursed] wand of striking [0:2] G - an [uncursed] wand of digging [0:5] J - an [uncursed] wand of striking [0:0] K - an [uncursed] wand of striking [0:0] L - an [uncursed] marble wand [of magic missile (0:0)] M - an [uncursed] wand of striking [0:0] R - an [uncursed] wand of striking [0:1] T - an [uncursed] marble wand [of magic missile (0:0)] Tools n - an uncursed blindfold t - an [uncursed +0] pick-axe named uncurse P - an [uncursed oil] lamp called Reggie (lit) Q - 3 [uncursed tallow] candles W - an [uncursed] key [skeleton key] Spells known in the end: Name Level Category Fail Memory a - force bolt 1 attack 100% [|||||||.] b - magic missile 2 attack 100% [|||||||.] Your skills at the end: Fighting Skills Weapon Skills quarterstaff [Basic / Expert] Spellcasting Skills attack spells [Basic / Expert] enchantment spells [Basic / Skilled] Final Attributes: You were piously aligned. Hunger level was 1428. Your alignment was 30 / 30. Monster difficulty range was 1 - 8. Level difficulty was 7. You were immune to level-drain. You were magic-protected. You could fly. You could survive without air. You had a +2 damage bonus. You had slower digestion. You regenerated. Your luck was zero. Anhur was angry with you (1). You are dead. Vanquished creatures: a winter wolf a giant beetle 4 wolves a panther 3 orc-captains a gnome king an orc mummy a werewolf 2 dogs 2 snakes 2 fire ants 2 snow ants a water nymph 7 Mordor orcs 5 Uruk-hai 4 orc shamans 2 enormous rats a fog cloud 2 yellow lights 6 gnome lords a straw golem a kitten 9 dwarves 2 kobold shamans 12 hill orcs a wererat 2 acid blobs a gas spore 3 hobbits 3 giant rats a cave spider 2 yellow molds 2 green molds 40 gnomes 2 geckos 5 jackals 3 foxes 14 goblins a sewer rat 5 grid bugs 7 lichens 5 kobold zombies 5 newts 176 creatures vanquished. Voluntary challenges: You pretended to be a pacifist. You were an atheist. You went without food. You were illiterate. You killed 143 creatures. You never hit with a wielded weapon. You put on armor 8 times. You never genocided any monsters. You never polymorphed an object. You never changed form. You used no wishes. You abstained from Elbereth's help. You never encountered a bones level. You never used any Sokoban shortcuts. Dungeon overview: The Dungeons of Doom: levels 1 to 2 Level 1 a fountain a long staircase Level 2 an armor shop, some fountains stairs to The Gnomish Mines The Gnomish Mines: levels 3 to 7 Level 3 stairs to The Dungeons of Doom Level 5 many shops, a temple, a magic chest, some fountains Level 7 <- You were here History has recorded: On T:1 you entered the Dungeons of Doom to retrieve the Amulet of Yendor! On T:395 you reached level 2 of The Dungeons of Doom. On T:1167 you advanced to experience level 2. On T:1214 you advanced to experience level 3. On T:1264 you reached level 1 of The Gnomish Mines. On T:1274 you advanced to experience level 4. On T:1483 you advanced to experience level 5. On T:1847 you reached level 2 of The Gnomish Mines. On T:1877 you advanced to experience level 6. On T:2501 you reached level 3 of The Gnomish Mines. On T:2547 you advanced to experience level 7. On T:2868 you advanced to experience level 8. On T:2926 you reached level 4 of The Gnomish Mines. On T:3792 you advanced to experience level 9. On T:4147 you reached level 5 of The Gnomish Mines. Latest messages: You bite the wolf. The wolf suddenly seems weaker! The wolf misses. The wolf bites! (2x) [HP-9=28] You hit the wolf. You bite the wolf. The wolf bites! (2x) The wolf misses. The Uruk-hai wields a crude bow! You hear crashing rock. [HP-5=23] You hit the wolf. You miss the wolf. The wolf bites! (3x) [HP-16=7] You hit the wolf. You bite the wolf. The wolf suddenly seems weaker! The wolf dies! The wolf bites! (2x) You die... Final status: Goodbye Yev-Ruu the Wizard... You died in The Gnomish Mines on dungeon level 7 with 3370 points, and 542 pieces of gold, after 4193 moves. You were level 9 with a maximum of 58 hit points when you died.